 Dungeon Crawl Stone Soup version 0.30-a0-586-g23e55c9e0a (webtiles) character file.

Game seed: 15305637820640869528

11321 oldmanjim the Thaumaturge (level 12, -17/86 HPs)
             Began as a Djinni Conjurer on Dec 29, 2022.
             Was a Priest of Makhleb.
             Killed from afar by a rime drake (29 damage)
             ... with an icy flash freeze
             ... on level 8 of the Dungeon on Jan 3, 2023.
             The game lasted 01:34:29 (11189 turns).

oldmanjim the Thaumaturge (Djinni Conjurer)        Turns: 11189, Time: 01:34:30

Health: -17/86     AC:  6    Str:  6    XL:     12   Next: 6%
Gold:   669        EV: 19    Int: 24    God:    Makhleb [***...] SH:  0 Dex: 13

rFire   + + +      SeeInvis .    a - +1 whip (elec)
rCold   . . .      Faith    .    (no shield)
rNeg    . . .      Spirit   .    E - +2 leather armour {rF+}
rPois   ∞          Reflect  .    (no helmet)
rElec   .          Harm     .    T - scarf {rC+ rF+}
rCorr   .          Rampage  .    f - +0 pair of gloves
Will    ++...                    (boots unavailable)
Stlth   ++                       (no amulet)
HPRegen 0.34/turn                d - ring of willpower
MPRegen 0.00/turn                o - +5 ring of evasion

@: flying
A: sickness immunity, fire resistance 2, cold vulnerability 1, float, innate
caster, HP casting, extra vitality 1
a: Renounce Religion, Minor Destruction, Lesser Servant of Makhleb


You were on level 8 of the Dungeon.
You worshipped Makhleb.
Makhleb was most pleased with you.
You visited 3 branches of the dungeon, and saw 12 of its levels.
You also visited: Bailey.

You collected 802 gold pieces.
You spent 133 gold pieces at shops.

Inventory:

Hand Weapons
 a - a +1 whip of electrocution (weapon)
 g - a +2 short sword of speed
Missiles
 e - 94 stones
 q - 11 poisoned darts
 y - 12 boomerangs
 B - 3 curare-tipped darts
 I - a throwing net
Armour
 f - a +0 pair of gloves (worn)
 E - a +2 leather armour of fire resistance (worn)
 O - a +0 robe
 Q - +0 steam dragon scales
 T - a scarf of resistance (worn)
Jewellery
 d - a ring of willpower (left hand)
 m - a +4 ring of slaying
 o - a +5 ring of evasion (right hand)
 p - a ring of protection from fire
 J - a +4 ring of protection
 K - a ring of see invisible
 R - a ring of resist corrosion
Wands
 r - a wand of mindburst (8)
 z - a wand of light (12)
 A - a wand of paralysis (21)
 F - a wand of digging (4)
 U - a wand of flame (8)
Scrolls
 c - a scroll of vulnerability
 h - 8 scrolls of teleportation
 k - a scroll of poison
 n - 2 scrolls of enchant weapon
 s - 2 scrolls of blinking
 t - 4 scrolls of enchant armour
 u - a scroll of immolation
 v - 5 scrolls of fear
 D - a scroll of magic mapping
 G - a scroll of fog
Potions
 b - 2 potions of lignification
 i - 3 potions of curing
 j - 3 potions of heal wounds
 l - 4 potions of invisibility {unknown}
 w - a potion of cancellation {unknown}
 x - 4 potions of might {unknown}
 C - 2 potions of mutation
 H - 2 potions of berserk rage {unknown}
 L - a potion of haste
 M - 2 potions of brilliance {unknown}
 P - a potion of ambrosia {unknown}
 S - 2 potions of degeneration {unknown}
Miscellaneous
 N - a phial of floods


   Skills:
 + Level 8.1 Fighting
 - Level 5.0 Armour
 + Level 8.1 Dodging
 - Level 1.5 Stealth
 + Level 9.0 Spellcasting
 + Level 8.3 Invocations
 - Level 3.0 Evocations


You had 3 spell levels left.
You knew the following spells:

 Your Spells              Type           Power      Damage    Failure   Level
a - Magic Dart            Conj           100%       1d8       1%          1
b - Searing Ray           Conj           100%       2d8       1%          2
c - Dazzling Flash        Conj/Hex       100%       N/A       1%          3
d - Fulminant Prism       Conj/Hex       26%        3d14      1%          4
e - Iskenderun's Mystic   Conj/Tloc      53%        2d11      1%          4
f - Beastly Appendage     Tmut           100%       N/A       1%          1
g - Static Discharge      Conj/Air       100%       2-7/arc   1%          2
h - Scorch                Fire           100%       2d10      1%          2
i - Hailstorm             Conj/Ice       53%        3d12      1%          3
j - Ice Form              Ice/Tmut       53%        N/A       1%          4
Your spell library was empty.

Dungeon Overview and Level Annotations

Branches:
Dungeon (10/15)            Temple (1/1) D:5            Lair (1/5) D:8
 Bailey (visited)
    Orc: D:9-12

Altars:
Ashenzari
Cheibriados
Dithmenos
Elyvilon
Fedhas
Gozag
Hepliaklqana
Makhleb
Nemelex Xobeh
Okawaru
Qazlal
Ru
Trog
Uskayaw
Wu Jian
Xom
Yredelemnul
Zin
The Shining One

Shops:
D:3 *   D:10 *

Annotations:
D:8 Joseph


Innate Abilities, Weirdness & Mutations

You are immune to sickness and miasma.
You are immune to poison.
Your flesh is very heat resistant. (rF++)
You are vulnerable to cold. (rC-)
You float through the air rather than walking.
You learn spells naturally, not from books.
Your magical power is your life essence.
You have superior vitality. (+4 MHP)


Message History

* * * LOW HITPOINT WARNING * * *
A fulminant prism comes into view.
The rime drake breathes ice at you.
The icy flash freeze hits your ynoxinul!
Your ynoxinul partially resists.
Your ynoxinul is flash-frozen.
A water moccasin comes into view.
Your fulminant prism crackles loudly.
Your fulminant prism explodes!
The blast of energy engulfs your ynoxinul.
Your ynoxinul is severely wounded.
The blast of energy engulfs the rime drake!!
The rime drake is almost dead.
Your ynoxinul disappears in a puff of smoke!
Your fulminant prism crackles loudly.
You hear an angry hiss.
You hear a croak.
A komodo dragon and a bullfrog come into view.
The bullfrog hits you but does no damage.
The rime drake breathes ice at you. The icy flash freeze misses you.
Your fulminant prism explodes!
Blink to where?
Press: ? - help, Dir - move target
As you read the scroll of blinking, it crumbles to dust.
The rime drake breathes ice at you. The icy flash freeze hits you!
* * * LOW HITPOINT WARNING * * *
You are encased in ice.
The water moccasin closely misses you. The rime drake barely misses you.
There is a staircase back to the Dungeon here.
The water moccasin closely misses you. The rime drake barely misses you.
You fly upwards.
Welcome back to the Dungeon!
Level annotation: Joseph The ice encasing you melts away.
There is a staircase to the Lair here.
You hit the rime drake.
The rime drake is almost dead.
The water moccasin misses you. The rime drake breathes ice at you.
The icy flash freeze hits you!!
You die...

### ##.# ##.## ##.#[#
#.#.## ##.## ###########.#
### ###.......##).# #.#
##...#####.##.#### #.##
#..#.###@#.......# #...
########kS.....##.# ###.
##@## #.##.##.##.#### #.
#8...8 ##.##.##.......# #.
#.....##.....#####.##<# #.
8.....8#..##.......##.#####
##$....############......#
#8...8# #########.##)#.#
##.....## #.......#.##.#.#


You could see a rime drake (catching breath) and a water moccasin.

Vanquished Creatures
  3 two-headed ogres
  An orc knight (Bailey)
  An ugly thing (D:10)
  2 trolls
  Sigmund (D:6)
  A vampire (D:6)
  2 wyverns
  20 yaks
  Eustachio (D:6)
  A steam dragon (D:8)
  A water moccasin (D:6)
  11 orc warriors
  An ice beast (D:5)
  3 sky beasts
  An ogre (D:6)
  2 centaurs
  2 phantoms
  Blork the orc (D:6)
  3 kobold brigands
  5 bullfrogs
  2 necrophages
  2 gnoll sergeants
  5 scorpions
  4 killer bees (D:8)
  A howler monkey (D:5)
  5 hounds
  8 orc priests
  3 gnoll boudas
  A jelly (D:8)
  3 iguanas
  Ijyb (D:5)
  8 orc wizards
  3 hell rats (D:8)
  23 gnolls
  5 river rats (D:8)
  8 adders
  3 shadow imps
  A white imp (D:5)
  An ufetubus (D:7)
  A worm (D:2)
  A dart slug (D:4)
  37 orcs
  2 endoplasms (D:4)
  16 goblins
  8 hobgoblins
  2 jackals (D:3)
  10 quokkas
  10 ball pythons
  10 bats
  5 frilled lizards
  14 kobolds
  25 rats
291 creatures vanquished.

Vanquished Creatures (others)
  A deep elf pyromancer (Bailey)
  105 fulminant prisms
106 creatures vanquished.

Grand Total: 397 creatures vanquished

Notes
Turn   | Place    | Note
-------+----------+-------------------------------------------
     0 | D:1      | oldmanjim the Djinni Conjurer began the quest for the Orb.
     0 | D:1      | oldmanjim set off with the following spells memorised:
                  | Magic Dart, Searing Ray, Dazzling Flash, Fulminant Prism,
                  | Iskenderun's Mystic Blast.
     0 | D:1      | Reached XP level 1. HP: 15/15 MP: 0/0
   133 | D:1      | Reached XP level 2. HP: 16/22 MP: 0/0
   278 | D:1      | Reached skill level 1 in Fighting
   518 | D:1      | Reached XP level 3. HP: 26/27 MP: 0/0
   518 | D:1      | Learned a level 1 spell: Beastly Appendage
   591 | D:1      | You are sucked into a shaft and drop 1 floor!
   891 | D:2      | Reached XP level 4. HP: 32/32 MP: 0/0
  1375 | D:3      | Reached XP level 5. HP: 34/38 MP: 0/0
  1375 | D:3      | Learned a level 2 spell: Static Discharge
  1560 | D:3      | Found Vuckuhu's General Store.
  1585 | D:3      | Bought a scroll of identify for 28 gold pieces
  1585 | D:3      | Bought a scroll of enchant armour for 105 gold pieces
  2207 | D:4      | Reached skill level 4 in Spellcasting
  2279 | D:4      | Reached XP level 6. HP: 30/45 MP: 0/0
  2883 | D:5      | Entered Level 5 of the Dungeon
  2946 | D:5      | Reached XP level 7. HP: 43/50 MP: 0/0
  2946 | D:5      | Learned a level 2 spell: Scorch
  2991 | D:5      | Reached skill level 1 in Armour
  3059 | D:5      | Reached skill level 5 in Dodging
  3271 | D:5      | Reached XP level 8. HP: 54/58 MP: 0/0
  3358 | D:5      | Found an iron altar of Okawaru.
  3502 | D:5      | Found a staircase to the Ecumenical Temple.
  3505 | D:5      | Reached skill level 5 in Spellcasting
  3511 | Temple   | Entered the Ecumenical Temple
  3522 | Temple   | Became a worshipper of Makhleb the Destroyer
  3805 | D:5      | Noticed Ijyb
  3811 | D:5      | Killed Ijyb
  4026 | D:6      | Noticed a vampire
  4039 | D:6      | Killed a vampire
  4040 | D:6      | Reached skill level 5 in Fighting
  4304 | D:6      | Noticed Eustachio
  4313 | D:6      | Killed Eustachio
  4314 | D:6      | Reached skill level 6 in Spellcasting
  4314 | D:6      | Reached XP level 9. HP: 48/65 MP: 0/0
  4314 | D:6      | Learned a level 3 spell: Hailstorm
  4461 | D:6      | Noticed Sigmund
  4469 | D:6      | Killed Sigmund
  4474 | D:6      | Noticed Blork the orc
  4482 | D:6      | Killed Blork the orc
  4483 | D:6      | Reached skill level 7 in Spellcasting
  5382 | D:7      | Reached skill level 1 in Invocations
  5733 | D:7      | Reached * piety under Makhleb
  5830 | D:7      | Found a hazy altar of Hepliaklqana.
  6372 | D:7      | Reached XP level 10. HP: 60/70 MP: 0/0
  6577 | D:8      | Found a flagged portal.
  6673 | Bailey   | Entered a bailey
  6786 | Bailey   | Reached skill level 8 in Spellcasting
  6786 | Bailey   | Reached skill level 5 in Invocations
  6811 | Bailey   | Reached ** piety under Makhleb
  6849 | Bailey   | Noticed an orc knight
  6859 | Bailey   | Killed an orc knight
  6975 | Bailey   | Found a large runed translucent door.
  6975 | Bailey   | Found a large runed translucent door.
  6976 | Bailey   | Noticed a deep elf pyromancer
  6977 | Bailey   | Found the +3 pair of seven-league boots {Rampage+∞}
  7034 | Bailey   | Killed a deep elf pyromancer
  7295 | D:8      | Found a blossoming altar of Fedhas.
  7295 | D:8      | Noticed Joseph
  7297 | D:8      | Found a sparkling altar of Nemelex Xobeh.
  7349 | D:8      | Found a staircase to the Lair.
  7516 | D:8      | Noticed a two-headed ogre
  7721 | D:7      | Upgraded the game from 0.30-a0-571-gdf30a72648 to
                  | 0.30-a0-576-g89cddaab80
  7844 | D:8      | Killed a two-headed ogre
  7931 | D:8      | Upgraded the game from 0.30-a0-576-g89cddaab80 to
                  | 0.30-a0-578-gdee14c521f
  8160 | D:8      | Noticed a two-headed ogre
  8201 | D:8      | Killed a two-headed ogre
  8202 | D:8      | Reached skill level 5 in Armour
  8202 | D:8      | Reached XP level 11. HP: 69/78 MP: 0/0
  8202 | D:8      | Learned a level 4 spell: Ice Form
  8783 | D:9      | Reached skill level 9 in Spellcasting
  8787 | D:9      | Reached *** piety under Makhleb
  9095 | D:9      | Reached skill level 1 in Evocations
  9487 | D:10     | Entered Level 10 of the Dungeon
  9849 | D:10     | Noticed a white ugly thing
  9858 | D:10     | Killed a white ugly thing
  9992 | D:10     | Noticed a two-headed ogre
 10006 | D:10     | Killed a two-headed ogre
 10122 | D:10     | Found Niecyri's Demolitions Depot.
 10614 | D:10     | Reached XP level 12. HP: 80/86 MP: 0/0
 10614 | D:10     | Upgraded the game from 0.30-a0-578-gdee14c521f to
                  | 0.30-a0-586-g23e55c9e0a
 10695 | D:10     | Found a glowing silver altar of Zin.
 11088 | Lair:1   | Entered Level 1 of the Lair of Beasts
 11095 | Lair:1   | Noticed a seven-headed hydra
 11099 | D:8      | Reached **** piety under Makhleb
 11171 | Lair:1   | HP: 3/86 [bullfrog (5)]
 11172 | Lair:1   | HP: 1/86 [bullfrog (2)]
 11189 | D:8      | Killed from afar by a rime drake

Illustrated notes

Levels and vault maps discovered:
D:1:      zelgadis_glass_arrival_small, layout_loops_cross,
          minmay_indecisive_spiral
D:2:      layout_rooms
D:3:      layout_basic, serial_rivers, chequers_serial_rivers_marsh,
          chequers_serial_rivers_micro_b, chequers_serial_rivers_small_b,
          chequers_serial_rivers_micro_b, chequers_serial_rivers_small_a,
          serial_shops, nicolae_shop_statue_plus, nrook_mini_vaults
D:4:      layout_loops_ring
D:5:      layout_basic, kennysheep_okawaru_gauntlet, temple_green, uniq_ijyb
D:6:      layout_basic, uniq_eustachio, uniq_sigmund, uniq_blork_the_orc
D:7:      layout_loops_corners, general_overflow_altar,
          chequers_serial_rivers_micro_b
D:8:      lemuel_ratsnest, layout_loops_cross, nicolae_overflow_hidden_temple,
          lair_entry_dummy, enter_bailey_5, nicolae_elevator_lobby_asterisk,
          uniq_joseph
D:9:      layout_loops_cross
D:10:     layout_stronghold, zin_treasury, nicolae_blasting_shop
Temple:   sentei_temple_godly_chess
Lair:1:   layout_chaotic_city, grunt_megastairs_1, infiniplex_staircase_pool_2,
          lemuel_fruit_tree

Skill      XL: |  1  2  3  4  5  6  7  8  9 10 11 |
---------------+----------------------------------+-----
Fighting       | 1 2 3 4 5 6 8 |  8.1
Dodging        | 3 4 5 6 7 8 |  8.1
Spellcasting   | 4 6 7 8 9 |  9.0
Armour         | 2 4 5 |  5.0
Invocations    | 3 6 8 |  8.3
Evocations     | 3 |  3.0
Stealth        | |  1.5

Action                   |  1- 3 |  4- 6 |  7- 9 | 10-12 || total
-------------------------+-------+-------+-------+-------++-------
Melee: Unarmed           |       |       |     1 |       ||     1
       Whip              |       |       |       |    10 ||    10
 Cast: Magic Dart        |    73 |    73 |    98 |   114 ||   358
       Searing Ray       |       |    25 |    34 |    30 ||    89
       Dazzling Flash    |       |     1 |     2 |       ||     3
       Scorch            |       |       |    24 |     3 ||    27
       Fulminant Prism   |       |       |    16 |    89 ||   105
       Hailstorm         |       |       |     2 |    15 ||    17
       Iskenderun's Myst |       |       |     1 |    13 ||    14
Invok: Lesser Servant of |       |       |       |     1 ||     1
  Use: Scroll            |       |     8 |       |    10 ||    18
       Potion            |       |       |     1 |     2 ||     3
Armor: Robe              |     1 |     1 |       |       ||     2
       Leather armour    |       |     3 |     6 |     9 ||    18
Dodge: Dodged            |     5 |    24 |    30 |    71 ||   130

Table legend: (Time is in decaauts)
 A = Elapsed time spent in this place.
 B = Non-inter-level travel time spent in this place.
 C = Inter-level travel time spent in this place.
 D = Time resting spent in this place.
 E = Time spent auto-exploring this place.
 F = Levels seen in this place.
 G = Mean time per level.
                   A        B        C        D        E       F      G
               +--------+--------+--------+--------+--------+-----+--------+
         Total |  11189 |  10671 |    518 |    668 |   7893 |  13 |  860.7 |
       Dungeon |  10663 |  10154 |    509 |    558 |   7824 |  10 | 1066.3 |
        Temple |     18 |      9 |      9 |      0 |      6 |   1 |   18.0 |
          Lair |     31 |     31 |      0 |      0 |      0 |   1 |   31.0 |
        Bailey |    474 |    474 |      0 |    110 |     63 |   1 |  474.0 |
               +--------+--------+--------+--------+--------+-----+--------+

Top non-repeatable levels by time:
     D:8: 1676 daAuts
    D:10: 1522 daAuts
     D:5: 1341 daAuts
     D:7: 1320 daAuts
     D:6: 1102 daAuts
     D:3: 855 daAuts
     D:9: 819 daAuts
     D:4: 766 daAuts
     D:2: 666 daAuts
     D:1: 591 daAuts
  Bailey: 474 daAuts
  Lair:1: 31 daAuts
  Temple: 18 daAuts
